Map: 勒瑞萊克山巔

Players

Rex - Winner!

  • Race: Zerg Zerg
  • League: Grandmaster

Expect

  • Race: Terran Terran
  • League: Master

Event: 2016 WCS Winter Challenger Taiwan

VOD

Have the link to the VOD?

Description

Time

  • Played on: Jan. 16, 2016, 6:21 a.m.
  • Length: 21:48

All games in this series

Show
View Real Time Build Order
Export as new Build Order

Rex Zerg - Winner!

Build Orders: Hatch First 

Get SALT Encoding   

  12  0:01  Drone  
  13  0:11  Drone  
  14  0:17  Overlord  
  14  0:23  Drone, Extractor  
  15  0:35  Drone  
  15  0:36  Drone  
  17  0:53  Hatchery  
  17  0:56  Drone  
  17  0:58  Drone  
  18  1:06  Extractor  
  17  1:15  Spawning Pool  
  17  1:17  Drone  
  17  1:23  Drone  
  18  1:30  Drone  
  19  1:42  Overlord  
  19  1:51  Drone  
  20  2:01  Queen  
  20  2:02  Zergling x2  
  20  2:04  Queen  
  20  2:06  Zergling x2  
  26  2:08  Metabolic Boost  
  26  2:13  Drone  
  27  2:17  Drone  
  28  2:25  Drone  
  29  2:31  Extractor  
  29  2:34  Drone  
  30  2:45  Queen  
  30  2:47  Drone  
  30  2:48  Overlord  
  30  2:49  Drone x2  
  35  2:54  Drone  
  36  3:07  Drone x2  
  36  3:11  Drone  
  39  3:14  Hatchery  
  39  3:15  Overlord  
  39  3:16  Drone  
  39  3:17  Drone  
  39  3:19  Drone  
  41  3:29  Drone x2  
  41  3:30  Drone  
  41  3:32  Roach Warren  
  43  3:37  Drone  
  43  3:43  Drone  
  43  3:45  Queen  
  46  3:49  Overlord  
  46  3:50  Zergling x6  
  46  3:54  Zergling x2  
  50  3:56  Zergling x4, Extractor  
  50  4:00  Zergling x2  
  52  4:04  Overlord  
  52  4:06  Overlord  
  52  4:07  Overlord  
  52  4:13  Roach  
  52  4:15  Roach  
  52  4:16  Roach  
  57  4:28  Queen  
  59  4:37  Ravager x2  
  55  4:42  Zergling x2, Ravager  
  55  4:43  Zergling x8  
  60  4:46  Drone x3  
  60  4:48  Drone  
  60  4:52  Roach x2  
  68  4:53  Drone x3  
  68  4:55  Drone  
  68  4:56  Overlord  
  72  5:01  Drone  
  73  5:12  Drone  
  71  5:14  Drone, Spore Crawler  
  71  5:19  Drone  
  71  5:20  Roach  
  74  5:22  Ravager x2  
  74  5:24  Drone  
  74  5:25  Drone  
  74  5:27  Drone x2  
  80  5:28  Drone  
  80  5:29  Drone, Extractor  
  80  5:30  Drone  
  80  5:31  Drone  
  80  5:33  Drone  
  84  5:36  Overlord  
  84  5:44  Drone  
  84  5:46  Overlord, Drone x2  
  84  5:47  Drone  
  84  5:49  Lair  
  87  5:51  Drone  
  87  5:52  Drone, Evolution Chamber x2  
  87  5:54  Extractor  
  86  5:59  Overlord  
  86  6:13  Zergling x2, Roach  
  86  6:14  Overlord, Zergling x6, Roach x4  
  86  6:18  Overlord  
  100  6:21  Zerg Ground Armor Level 1  
  100  6:25  Overlord  
  100  6:26  Zergling x4  
  100  6:30  Ravager  
  102  6:33  Drone  
  102  6:34  Drone x4  
  102  6:35  Extractor  
  102  6:37  Drone  
  102  6:38  Zerg Melee Weapons Level 1  
  102  6:39  Drone  
  108  6:43  Drone  
  108  6:44  Drone  
  108  6:46  Drone  
  111  6:48  Overlord  
  111  6:52  Infestation Pit, Zergling x2  
  111  6:53  Zergling x14  
  118  6:58  Drone  
  119  7:01  Extractor  
  117  7:12  Hatchery  
  114  7:15  Drone  
  114  7:16  Drone x3  
  114  7:17  Zergling x6  
  114  7:20  Ravager x5  
  125  7:24  Baneling Nest  
  125  7:29  Zergling x2  
  125  7:30  Zergling x12  
  129  7:48  Overlord, Hive  
  129  7:51  Drone x2  
  131  7:52  Pathogen Glands  
  131  7:53  Hatchery  
  130  8:01  Overlord  
  130  8:07  Pneumatized Carapace  
  129  8:24  Infestor x2  
  129  8:25  Infestor x2  
  137  8:27  Drone x8  
  145  8:35  Overlord  
  145  8:36  Queen  
  145  8:37  Overlord x2  
  145  8:38  Centrifical Hooks  
  147  8:41  Baneling  
  147  8:42  Zergling x2, Baneling x4  
  147  8:43  Zergling x14  
  155  8:48  Overlord  
  155  8:49  Zerg Melee Weapons Level 2  
  155  8:51  Drone x2  
  155  8:53  Spine Crawler  
  155  8:54  Extractor x2  
  154  9:07  Ultralisk Cavern  
  153  9:10  Zergling x10  
  153  9:11  Zergling x14  
  165  9:37  Zergling x2  
  165  9:38  Zergling x32  
  153  9:46  Zergling x2  
  153  9:47  Zergling x12  
  149  9:58  Ultralisk  
  149  9:59  Ultralisk x3, Zergling x2  
  172  10:10  Baneling x10  
  172  10:11  Baneling x9  
  172  10:19  Baneling  
  172  10:20  Baneling x2  
  167  10:33  Zergling x12  
  167  10:34  Zergling x26  
  183  10:37  Chitinous Plating  
  168  10:53  Zergling x18  
  168  10:56  Zergling x8  
  168  10:57  Zergling x8  
  157  11:09  Zerg Melee Weapons Level 3, Zerg Ground Armor Level 2  
  157  11:11  Baneling x8  
  153  11:15  Baneling x2  
  153  11:16  Baneling x5  
  147  11:46  Ultralisk  
  147  11:47  Ultralisk x3  
  162  11:56  Infestor x2  
  162  11:58  Infestor  
  168  12:03  Hatchery  
  167  12:10  Drone  
  167  12:11  Drone x4  
  172  12:16  Ultralisk  
  177  12:30  Spire  
  175  12:51  Baneling  
  175  12:52  Baneling x8  
  175  12:57  Ultralisk x2  
  175  12:58  Ultralisk, Zergling x12  
  195  13:17  Queen  
  194  13:21  Viper x2  
  198  13:27  Overlord x2  
  198  13:28  Adrenal Glands  
  198  13:29  Evolution Chamber  
  198  13:31  Overlord x2  
  198  13:32  Overlord  
  197  13:35  Overlord  
  194  13:56  Zerg Ground Armor Level 3  
  194  14:06  Greater Spire  
  194  14:09  Drone x3  
  197  14:22  Spine Crawler  
  197  14:23  Spine Crawler x2  
  191  14:27  Corruptor x3  
  191  14:28  Corruptor x2  
  199  14:33  Spine Crawler  
  199  14:34  Spine Crawler  
  189  15:10  Zergling x32  
  187  15:23  Zergling x2  
  187  15:24  Zergling x42  
  183  15:44  Corruptor x3  
  188  15:50  Drone  
  188  15:51  Drone  
  190  15:59  Brood Lord  
  190  16:00  Zerg Flyer Weapons Level 1, Brood Lord x3  
  190  16:01  Hatchery  
  197  16:05  Drone  
  197  16:06  Drone  
  199  16:30  Queen  
  194  16:49  Corruptor x2  
  198  17:11  Corruptor  
  198  17:12  Corruptor x2  
  179  17:24  Mutalisk  
  179  17:25  Mutalisk x14  
  185  17:54  Zergling x6  
  185  17:55  Zergling x24  
  191  18:10  Zergling x2  
  191  18:11  Zergling x34  
  173  18:14  Ultralisk  
  173  18:15  Ultralisk  
  173  18:19  Zergling x2  
  183  18:20  Zergling x10  
  183  18:23  Zergling x2  
  183  18:24  Zergling x2  
  187  18:27  Zergling x6  
  159  18:49  Ultralisk, Swarm Host  
  157  19:23  Zergling x2  
  157  19:24  Zergling x24  
  162  19:28  Extractor x2  
  156  20:12  Zergling x24  
  150  20:21  Extractor x2  
  147  20:24  Zergling x2  
  147  20:28  Zergling x2  
  147  20:29  Zergling x8  
  147  20:33  Zergling x2  
  153  20:36  Zergling x2  
  153  20:40  Baneling x3  
  153  20:50  Zergling x18  
  153  20:52  Baneling x3  
  162  21:00  Zergling x2  
  162  21:01  Zergling x8, Baneling  
  162  21:02  Baneling  
  165  21:22  Zergling x22  
Show
View Real Time Build Order
Export as new Build Order

Expect Terran 

Build Orders: Liberator Opening, Reaper Expand, Bio Tank 

Get SALT Encoding   

  12  0:00  SCV  
  13  0:13  SCV  
  14  0:18  Supply Depot  
  14  0:25  SCV  
  15  0:40  SCV  
  15  0:41  Barracks  
  16  0:45  Refinery  
  16  0:52  SCV  
  17  1:04  SCV  
  18  1:16  SCV  
  19  1:28  Reaper  
  19  1:29  Orbital Command  
  20  1:42  Command Center  
  20  1:55  Supply Depot, SCV  
  21  2:01  Marine  
  21  2:07  Factory  
  22  2:10  SCV  
  23  2:18  Refinery  
  23  2:22  SCV  
  24  2:25  Barracks Reactor  
  23  2:34  SCV  
  23  2:48  SCV  
  24  2:55  Starport, Orbital Command  
  24  3:00  SCV  
  25  3:08  Hellion x2, Barracks Tech Lab  
  29  3:13  SCV  
  29  3:16  Liberator  
  30  3:21  SCV  
  30  3:25  SCV  
  32  3:28  Supply Depot  
  32  3:33  SCV  
  36  3:39  SCV  
  37  3:46  SCV, Marine x2  
  40  3:49  Siege Tank  
  40  3:52  SCV  
  44  3:55  Bunker  
  44  3:58  SCV  
  44  4:05  SCV, Marine x2  
  47  4:10  SCV  
  47  4:17  SCV  
  49  4:22  SCV  
  50  4:25  Command Center  
  50  4:26  Supply Depot  
  50  4:29  SCV  
  51  4:34  SCV  
  51  4:41  SCV  
  51  4:45  Marine x2  
  53  4:48  Supply Depot, Siege Tank, SCV  
  58  4:53  SCV  
  58  4:58  Supply Depot  
  59  5:00  SCV  
  59  5:04  Medivac  
  62  5:08  Supply Depot  
  62  5:09  Marine x2  
  62  5:10  SCV  
  62  5:12  SCV  
  66  5:22  Barracks x2  
  66  5:23  SCV  
  66  5:24  Supply Depot, SCV  
  66  5:27  Supply Depot  
  66  5:28  Refinery, Marine x2  
  70  5:37  Starport Reactor  
  70  5:38  Engineering Bay  
  70  5:40  Engineering Bay  
  70  5:41  Orbital Command  
  70  5:48  Marine x2  
  72  5:56  SCV x2  
  74  5:58  Refinery  
  74  6:05  Marine  
  74  6:06  Terran Infantry Weapons Level 1, Terran Infantry Armor Level 1, Marine  
  74  6:11  Barracks, Orbital Command  
  76  6:12  Barracks  
  76  6:15  Barracks Tech Lab  
  76  6:16  Barracks Tech Lab  
  76  6:21  SCV  
  76  6:22  SCV  
  78  6:28  Marine x2  
  78  6:29  Factory Tech Lab  
  78  6:30  Medivac x2  
  84  6:38  SCV x2  
  86  6:44  Combat Shields, Stimpack  
  86  6:45  Marauder x2  
  86  6:46  Marine x2  
  86  6:47  SCV  
  93  6:50  SCV  
  94  6:56  Siege Tank  
  94  6:59  SCV  
  94  7:00  SCV  
  99  7:02  SCV  
  99  7:04  Marine  
  99  7:07  Marauder  
  100  7:19  Marauder x2, Barracks Tech Lab  
  100  7:20  Marine  
  100  7:22  Medivac, Marine  
  108  7:24  Medivac  
  108  7:25  Refinery, SCV x3  
  108  7:26  Refinery  
  108  7:28  Siege Tank  
  116  7:30  Supply Depot x2  
  116  7:32  Supply Depot  
  116  7:35  Concussive Shells  
  116  7:38  SCV  
  116  7:40  SCV x2  
  113  7:47  Marauder x2  
  117  7:51  Marine x3  
  120  8:01  Barracks Reactor, Barracks x2  
  120  8:02  Barracks  
  120  8:03  Supply Depot  
  120  8:05  Siege Tank  
  120  8:07  Armory, Supply Depot  
  120  8:09  Marine  
  120  8:11  Marauder, Marine x3  
  127  8:27  Marine  
  127  8:28  Marine  
  127  8:29  Marauder, Marine  
  127  8:32  Medivac x2, Marine  
  137  8:37  Missile Turret, Siege Tank  
  137  8:39  Missile Turret  
  140  8:43  Marine x2  
  140  8:44  Supply Depot  
  140  8:45  Marine  
  140  8:46  Marine  
  140  8:47  Marauder  
  146  8:49  Barracks Reactor, Barracks Tech Lab  
  146  8:50  Barracks Tech Lab  
  146  8:51  Marauder x2  
  150  9:01  Marine x2  
  152  9:03  Marine  
  152  9:04  Marine  
  152  9:08  Marine x2  
  152  9:09  Marauder  
  158  9:10  Supply Depot  
  158  9:12  Marauder, Marine  
  161  9:18  Marine  
  161  9:19  Supply Depot, Marine  
  161  9:20  Supply Depot, Marine  
  161  9:22  Marine  
  165  9:27  Marine  
  165  9:31  Marauder x3, Marine x2  
  165  9:34  Marine  
  165  9:36  Marine  
  166  9:42  Marine x2  
  166  9:43  Marine  
  166  9:44  Marine  
  168  9:46  Medivac  
  168  9:49  Marauder, Marine  
  157  9:52  Marauder  
  157  9:53  Marauder  
  157  9:55  Marine x2  
  157  9:56  Marauder  
  157  9:57  Siege Tank  
  157  10:00  Marine x2  
  157  10:03  Marine  
  160  10:07  Marine x2  
  160  10:08  Supply Depot  
  160  10:11  Marauder  
  160  10:13  Marauder  
  166  10:18  Marine x4  
  166  10:19  Marauder x2  
  174  10:22  Marine  
  174  10:25  Marine  
  174  10:27  Marine  
  174  10:32  Marauder  
  174  10:33  Siege Tank  
  174  10:35  Marauder  
  176  10:36  Marine x2  
  176  10:42  Terran Infantry Weapons Level 2, Terran Infantry Armor Level 2  
  151  10:51  Marine x2  
  151  10:52  Marauder, Marine x2  
  151  10:53  Marauder  
  132  10:58  Liberator x2  
  115  11:05  Marine x4  
  115  11:06  Marauder  
  115  11:09  Marine  
  128  11:25  Marauder, Marine x3  
  133  11:26  Marine  
  133  11:27  Marauder, Marine x2  
  133  11:32  Marauder, Marine x2  
  129  11:42  Marine  
  129  11:43  Marine  
  129  11:45  Marauder, Liberator x2  
  122  11:47  Siege Tank, Marine x2  
  122  11:48  Marauder  
  129  12:07  Marine  
  136  12:19  Marine x3  
  136  12:20  Marauder x2  
  143  12:28  Liberator x2, Orbital Command  
  143  12:32  Terran Ship Weapons Level 1  
  143  12:33  Marauder, Marine x5  
  143  12:37  Marine  
  150  12:50  Marine x3  
  150  12:51  Marauder x3, Marine x2  
  167  13:10  Marine x4  
  167  13:11  Marauder x2, Marine  
  167  13:12  Marauder  
  178  13:15  Liberator x2  
  178  13:24  Marine x2  
  178  13:25  Marauder  
  182  13:33  Marauder, Marine x3  
  192  13:35  Supply Depot  
  192  13:36  Marine x2  
  192  13:37  Marauder  
  192  13:38  Command Center  
  196  13:42  Marine  
  197  13:56  Marine x3  
  200  14:20  Marine  
  200  14:21  Fusion Core  
  200  14:22  Marauder  
  200  14:23  Marauder  
  198  14:25  Starport x2  
  198  14:34  Terran Infantry Weapons Level 3, Terran Ship Weapons Level 2, Terran Infantry Armor Level 3  
  198  14:43  Liberator x2  
  198  14:50  Command Center  
  198  14:56  Liberator x2  
  156  15:26  Liberator x2  
  140  15:33  SCV  
  129  15:36  Marauder, Marine x4  
  129  15:37  Marauder, Marine  
  129  15:38  Marauder, Liberator x2, Marine  
  141  15:49  Marauder, Marine  
  150  15:51  Planetary Fortress  
  150  15:53  Marine  
  150  15:55  SCV x3  
  160  16:04  Marauder, Marine x3  
  160  16:07  SCV  
  160  16:09  Liberator x2  
  166  16:12  Marine  
  166  16:13  Marauder, Marine  
  170  16:18  Marine x3  
  170  16:19  Marauder  
  170  16:22  Marine  
  176  16:30  Marine x2  
  176  16:31  Marauder  
  176  16:33  Marine  
  176  16:37  Liberator x2  
  177  16:40  Marine x2  
  177  16:41  Marauder x3, Marine x2  
  180  16:48  Marine x2  
  180  16:52  Marauder  
  180  16:54  Marine  
  180  16:58  Marine x3  
  180  16:59  Marauder  
  190  17:03  Marine  
  190  17:04  Marauder, Marine  
  190  17:07  Marine x2  
  191  17:12  Marine  
  191  17:13  Marauder  
  191  17:16  Marine x2  
  191  17:21  Marauder  
  191  17:22  Marauder  
  183  17:23  Marine x2  
  183  17:25  Marauder, Marine x2  
  166  17:30  Marine  
  166  17:31  Liberator x2  
  166  17:35  Marauder  
  163  17:37  Marine  
  163  17:38  Marine  
  163  17:41  Marauder, Marine  
  163  17:42  Marauder  
  163  17:43  Marauder, Marine x2  
  174  17:46  Marine  
  174  17:48  Liberator x2  
  174  17:50  Marine  
  182  17:55  Marine  
  182  17:56  Marauder  
  180  18:03  Marauder  
  175  18:06  Marine  
  175  18:07  Marauder  
  157  18:14  Marine x4  
  157  18:15  Marauder  
  157  18:16  Marine  
  146  18:29  Marine x2  
  146  18:30  Marauder  
  146  18:31  Marine  
  146  18:32  Marauder, Marine  
  132  18:39  Marine x4  
  132  18:40  Marauder  
  132  18:43  Liberator  
  132  18:52  Marine x3  
  132  18:53  Marauder x2  
  124  19:19  Marine x4  
  124  19:20  Marine  
  124  19:21  Marine  
  124  19:24  Marine x3  
  107  19:35  Marine  
  100  19:47  Marine x3  
  100  19:48  Marauder  
  100  19:49  Marine  
  100  19:50  Marine  
  105  19:56  Liberator  
  105  19:58  Marine  
  105  19:59  Marauder  
  100  20:08  Liberator  
  100  20:14  Marine x2  
  65  20:30  Marine x3  
  64  20:46  Liberator  
  64  20:49  Marine x3  
Tags
 
Add a new tag
Caveats
  • Supply blocks, unpowered buildings, or Contaminate may cause inaccurate times.
  • Supply counts are checked every 10 seconds.